| TOP OF THE 1ST |
|
Norfolk Tides batting - Pitching for Rochester Red Wings : LHP David Gordon
|
|
Pitching: LHP David Gordon
|
|
|
Batting: RHB Jeremy Sipe
|
0-0: Called Strike 0-1: Foul Ball, location: 2F 0-2: Strikes out swinging
|
|
Batting: RHB Tony Godley
|
0-0: Called Strike 0-1: Foul Ball, location: 2F 0-2: Ball 1-2: Foul Ball, location: 2F 1-2: SOLO HOME RUN (Flyball, 78XD, EV 98.1 MPH), Distance : 400 ft
|
|
Batting: RHB Kaoru Toda
|
0-0: Ball 1-0: Foul Ball, location: 2F 1-1: Swinging Strike 1-2: Ball 2-2: Strikes out swinging
|
|
Batting: RHB John Gray
|
0-0: Ball 1-0: Called Strike 1-1: Foul Ball, location: 2F 1-2: Ball 2-2: Strikes out looking
|
| Top of the 1st over - 1 run, 1 hit, 0 errors, 0 left on base; Norfolk 1 - Rochester 0 |
| BOTTOM OF THE 1ST |
|
Rochester Red Wings batting - Pitching for Norfolk Tides : RHP Antonio Escobosa
|
|
Pitching: RHP Antonio Escobosa
|
|
|
Batting: RHB Jason Gee
|
0-0: Ball 1-0: Called Strike 1-1: Ball 2-1: Swinging Strike 2-2: Foul Ball, location: 2F 2-2: Ball 3-2: Ground out 4-3 (Groundball, 4, EV 85.0 MPH)
|
|
Batting: SHB Ian Thompson
|
0-0: Foul Ball, location: 2F 0-1: Swinging Strike 0-2: Ball 1-2: Strikes out swinging
|
|
Batting: LHB Jon Ventura
|
0-0: Ball 1-0: Ball 2-0: Called Strike 2-1: Foul Ball, location: 2F 2-2: Ball 3-2: Ground out 5-3 (Groundball, 5, EV 85.0 MPH)
|
| Bottom of the 1st over - 0 runs, 0 hits, 0 errors, 0 left on base; Norfolk 1 - Rochester 0 |
| TOP OF THE 2ND |
|
Norfolk Tides batting - Pitching for Rochester Red Wings : LHP David Gordon
|
|
Batting: SHB Ben Pierce
|
0-0: Foul Ball, location: 2F 0-1: Ball 1-1: Ball 2-1: Foul Ball, location: 2F 2-2: Ball 3-2: Foul Ball, location: 2F 3-2: SINGLE (Flyball, 8LS, EV 99.4 MPH)
|
|
Batting: RHB Ismael Macedo
|
0-0: Called Strike 0-1: Called Strike 0-2: Foul Ball, location: 2F 0-2: Foul Ball, location: 2F 0-2: Strikes out swinging
|
|
Batting: RHB Ray Sims
|
0-0: Ball 1-0: Grounds into double play, 5-4-3 (Groundball, 56, EV 90.0 MPH)
|
| Top of the 2nd over - 0 runs, 1 hit, 0 errors, 0 left on base; Norfolk 1 - Rochester 0 |
| BOTTOM OF THE 2ND |
|
Rochester Red Wings batting - Pitching for Norfolk Tides : RHP Antonio Escobosa
|
|
Batting: RHB Leo Gonzalez
|
0-0: Ball 1-0: Ground out 5-3 (Groundball, 56S, EV 89.4 MPH)
|
|
Batting: RHB José Molina
|
0-0: Ball 1-0: Foul Ball, location: 2F 1-1: Ground out 5-3 (Groundball, 56S, EV 76.9 MPH)
|
|
Batting: RHB Ryan Gautney
|
0-0: Ball 1-0: Fly out, F9 (Line Drive, 89M, EV 83.8 MPH)
|
| Bottom of the 2nd over - 0 runs, 0 hits, 0 errors, 0 left on base; Norfolk 1 - Rochester 0 |
| TOP OF THE 3RD |
|
Norfolk Tides batting - Pitching for Rochester Red Wings : LHP David Gordon
|
|
Batting: RHB Antonio Gamez
|
0-0: Ball 1-0: SINGLE (Line Drive, 78S, EV 95.0 MPH)
|
|
Batting: RHB Matt Berrier
|
0-0: Ball 1-0: Foul Ball, location: 2F 1-1: Ball Pickoff Throw by Catcher to First - Out! 2-1: Ball 3-1: Base on Balls
|
|
Batting: RHB Jeremy Sipe
|
0-0: Ball 1-0: Ball 2-0: Ball 3-0: Base on Balls Matt Berrier to second
|
|
Batting: RHB Tony Godley
|
0-0: Foul Ball, location: 2F 0-1: Ball 1-1: Foul Ball, location: 2F 1-2: Foul Ball, location: 2F 1-2: Grounds into double play, 6-4-3 (Groundball, 6, EV 81.9 MPH)
|
| Top of the 3rd over - 0 runs, 1 hit, 0 errors, 1 left on base; Norfolk 1 - Rochester 0 |
| BOTTOM OF THE 3RD |
|
Rochester Red Wings batting - Pitching for Norfolk Tides : RHP Antonio Escobosa
|
|
Batting: RHB Colin Boddy
|
0-0: Called Strike 0-1: Swinging Strike 0-2: Ball 1-2: Foul Ball, location: 2F 1-2: Ball 2-2: Foul Ball, location: 2F 2-2: Ball 3-2: Base on Balls
|
|
Batting: LHB Tyler Allen
|
0-0: Ball 1-0: Fly out, F7 (Flyball, 7D, EV 98.1 MPH)
|
|
Batting: RHB Pedro Pinero
|
0-0: Fielders Choice at 2nd, 5-4 (Groundball, 5, EV 89.4 MPH)
|
|
Batting: RHB Jason Gee
|
0-0: Called Strike 0-1: Called Strike 0-2: Ball Pedro Pinero is caught stealing 2nd base 2-4
|
| Bottom of the 3rd over - 0 runs, 0 hits, 0 errors, 0 left on base; Norfolk 1 - Rochester 0 |
| TOP OF THE 4TH |
|
Norfolk Tides batting - Pitching for Rochester Red Wings : LHP David Gordon
|
|
Batting: RHB Kaoru Toda
|
0-0: Ball 1-0: Ball 2-0: Called Strike 2-1: Called Strike 2-2: Strikes out swinging
|
|
Batting: RHB John Gray
|
0-0: Called Strike 0-1: Foul Ball, location: 2F 0-2: Foul Ball, location: 2F 0-2: Ball 1-2: Ground out 6-3 (Groundball, 6, EV 103.8 MPH)
|
|
Batting: SHB Ben Pierce
|
0-0: Ball 1-0: Foul Ball, location: 2F 1-1: Called Strike 1-2: Foul Ball, location: 2F 1-2: Foul Ball, location: 2F 1-2: Ball 2-2: Strikes out swinging
|
| Top of the 4th over - 0 runs, 0 hits, 0 errors, 0 left on base; Norfolk 1 - Rochester 0 |
| BOTTOM OF THE 4TH |
|
Rochester Red Wings batting - Pitching for Norfolk Tides : RHP Antonio Escobosa
|
|
Batting: RHB Jason Gee
|
0-0: Foul Ball, location: 2F 0-1: Foul Ball, location: 2F 0-2: SINGLE (Line Drive, 78S, EV 98.1 MPH)
|
|
Batting: SHB Ian Thompson
|
0-0: Foul Ball, location: 2F 0-1: Foul Ball, location: 2F 0-2: Ball 1-2: Ball 2-2: Foul Ball, location: 2F 2-2: Reached on error, E3 (Groundball, 3, EV 109.4 MPH) Jason Gee to second
|
|
Batting: LHB Jon Ventura
|
0-0: Ball 1-0: Swinging Strike 1-1: Ball 2-1: Reached via error on a dropped throw from 3B, E4 (Groundball, 5, EV 104.4 MPH) Jason Gee to third Ian Thompson to second
|
|
Batting: RHB Leo Gonzalez
|
0-0: Foul Ball, location: 2F 0-1: Ball 1-1: SINGLE (Flyball, 8RS, EV 95.6 MPH) Jason Gee scores Ian Thompson to third Jon Ventura to second Runner from 3rd tries for Home, throw by CF and OUT! 8-2
|
|
Batting: RHB José Molina
|
0-0: Called Strike 0-1: Ball 1-1: Swinging Strike 1-2: Foul Ball, location: 2F 1-2: SINGLE (Groundball, 6MD, EV 102.5 MPH) Jon Ventura to third Leo Gonzalez to second Runner from 3rd tries for Home, SAFE, throw by CF to home
|
|
Batting: RHB Ryan Gautney
|
0-0: Called Strike 0-1: Called Strike 0-2: Strikes out swinging
|
|
Batting: RHB Colin Boddy
|
0-0: Foul Ball, location: 2F 0-1: SINGLE (Groundball, 6D, EV 98.1 MPH) Leo Gonzalez to third José Molina to second Runner from 3rd tries for Home, SAFE, throw by CF to home
|
|
Batting: LHB Tyler Allen
|
0-0: Ball 1-0: Ball 2-0: Ball 3-0: Ground out 6-3 (Groundball, 6S, EV 71.9 MPH)
|
| Bottom of the 4th over - 3 runs, 4 hits, 2 errors, 2 left on base; Norfolk 1 - Rochester 3 |
| TOP OF THE 5TH |
|
Norfolk Tides batting - Pitching for Rochester Red Wings : LHP David Gordon
|
|
Batting: RHB Ismael Macedo
|
0-0: Called Strike 0-1: Foul Ball, location: 2F 0-2: Strikes out looking
|
|
Batting: RHB Ray Sims
|
0-0: Ball 1-0: Ball 2-0: Foul Ball, location: 2F 2-1: DOUBLE (Flyball, 89D, EV 100.0 MPH)
|
|
Batting: RHB Antonio Gamez
|
0-0: Ball 1-0: Ball 2-0: Called Strike 2-1: Called Strike 2-2: Strikes out swinging
|
|
Batting: RHB Matt Berrier
|
0-0: Ball 1-0: Ground out 5-3 (Groundball, 5, EV 86.2 MPH)
|
| Top of the 5th over - 0 runs, 1 hit, 0 errors, 1 left on base; Norfolk 1 - Rochester 3 |
| BOTTOM OF THE 5TH |
|
Rochester Red Wings batting - Pitching for Norfolk Tides : RHP Antonio Escobosa
|
|
Batting: RHB Pedro Pinero
|
0-0: Called Strike 0-1: Swinging Strike 0-2: Strikes out looking
|
|
Batting: RHB Jason Gee
|
0-0: Ball 1-0: Called Strike 1-1: Ground out U3 (Groundball, 34S, EV 90.6 MPH)
|
|
Batting: SHB Ian Thompson
|
0-0: Ball 1-0: Called Strike 1-1: Swinging Strike 1-2: Ball 2-2: Ball 3-2: Strikes out swinging
|
| Bottom of the 5th over - 0 runs, 0 hits, 0 errors, 0 left on base; Norfolk 1 - Rochester 3 |
| TOP OF THE 6TH |
|
Norfolk Tides batting - Pitching for Rochester Red Wings : LHP David Gordon
|
|
Batting: RHB Jeremy Sipe
|
0-0: Swinging Strike 0-1: Ball 1-1: Foul Ball, location: 2F 1-2: Ball 2-2: Strikes out swinging
|
|
Batting: RHB Tony Godley
|
0-0: Ball 1-0: Ball 2-0: Called Strike 2-1: Foul Ball, location: 2F 2-2: SINGLE (Groundball, 25, EV 65.6 MPH) (infield hit)
|
|
Batting: RHB Kaoru Toda
|
0-0: Called Strike 0-1: Ball 1-1: Fly out, F8 (Flyball, 8RM, EV 90.6 MPH)
|
|
Batting: RHB John Gray
|
0-0: Called Strike 0-1: Called Strike 0-2: Ball 1-2: Foul Ball, location: 2F 1-2: Strikes out swinging
|
| Top of the 6th over - 0 runs, 1 hit, 0 errors, 1 left on base; Norfolk 1 - Rochester 3 |
| BOTTOM OF THE 6TH |
|
Rochester Red Wings batting - Pitching for Norfolk Tides : RHP Antonio Escobosa
|
|
Batting: LHB Jon Ventura
|
0-0: Ball 1-0: Ball 2-0: Called Strike 2-1: Ball 3-1: Base on Balls
|
|
Batting: RHB Leo Gonzalez
|
0-0: Fly out, F8 (Flyball, 8RXD, EV 107.5 MPH) Runner from 1st tags up, SAFE at 2nd
|
|
Batting: RHB José Molina
|
0-0: Intentional Walk
|
|
Batting: RHB Ryan Gautney
|
0-0: Foul Ball, location: 2F 0-1: Fly out, F7 (Line Drive, 7, EV 95.6 MPH)
|
|
Batting: RHB Colin Boddy
|
0-0: Ball 1-0: Foul Ball, location: 2F 1-1: Fly out, F7 (Line Drive, 78M, EV 91.2 MPH)
|
| Bottom of the 6th over - 0 runs, 0 hits, 0 errors, 2 left on base; Norfolk 1 - Rochester 3 |
| TOP OF THE 7TH |
|
Norfolk Tides batting - Pitching for Rochester Red Wings : LHP David Gordon
|
|
Batting: SHB Ben Pierce
|
0-0: Called Strike 0-1: Ball 1-1: Foul Ball, location: 2F 1-2: Foul Ball, location: 2F 1-2: Strikes out looking
|
|
Pitching: RHP Bryan Hallman
|
|
|
Batting: RHB Ismael Macedo
|
0-0: Ball 1-0: Ball 2-0: Ground out 5-3 (Groundball, 56S, EV 72.5 MPH)
|
|
Batting: RHB Ray Sims
|
0-0: Fly out, F3 (Popup, 3SF, EV 75.0 MPH)
|
| Top of the 7th over - 0 runs, 0 hits, 0 errors, 0 left on base; Norfolk 1 - Rochester 3 |
| BOTTOM OF THE 7TH |
|
Rochester Red Wings batting - Pitching for Norfolk Tides : RHP Antonio Escobosa
|
|
Batting: LHB Tyler Allen
|
0-0: Foul Ball, location: 2F 0-1: Ball 1-1: Foul Ball, location: 2F 1-2: Foul Ball, location: 2F 1-2: Ball 2-2: SOLO HOME RUN (Flyball, 8LXD, EV 104.4 MPH), Distance : 421 ft
|
|
Batting: RHB Pedro Pinero
|
0-0: Ball 1-0: Ball 2-0: Ball 3-0: Base on Balls
|
|
Pitching: RHP Corey Rizzuto
|
|
|
Batting: RHB Jason Gee
|
0-0: Sac Bunt to 15S - play at first, batter OUT! 1-3 Pedro Pinero to second
|
|
Batting: SHB Ian Thompson
|
0-0: Ball 1-0: Called Strike 1-1: Ball 2-1: Ball 3-1: Base on Balls
|
|
Batting: LHB Jon Ventura
|
0-0: Called Strike Pedro Pinero steals 3rd base 0-1: Hit by Pitch Ian Thompson to second
|
|
Batting: RHB Leo Gonzalez
|
0-0: Ball 1-0: Called Strike 1-1: Ball 2-1: Foul Ball, location: 2F 2-2: Ball 3-2: Foul Ball, location: 2F 3-2: Base on Balls Pedro Pinero scores Ian Thompson to third Jon Ventura to second
|
|
Batting: RHB José Molina
|
0-0: Called Strike 0-1: Ball 1-1: Ball 2-1: Ball 3-1: Foul Ball, location: 2F 3-2: Base on Balls Ian Thompson scores Jon Ventura to third Leo Gonzalez to second
|
|
Batting: RHB Ryan Gautney
|
0-0: Called Strike 0-1: Swinging Strike 0-2: SINGLE (Line Drive, 78S, EV 100.0 MPH) Jon Ventura scores Leo Gonzalez to third José Molina to second
|
|
Batting: RHB Colin Boddy
|
0-0: Foul Ball, location: 2F 0-1: Ball 1-1: Ball 2-1: Swinging Strike 2-2: Strikes out swinging
|
|
Batting: LHB Tyler Allen
|
0-0: Swinging Strike 0-1: Ball 1-1: Ball 2-1: Foul Ball, location: 2F 2-2: Foul Ball, location: 2F 2-2: Ball 3-2: Fly out, F7 (Flyball, 78M, EV 93.1 MPH)
|
| Bottom of the 7th over - 4 runs, 2 hits, 0 errors, 3 left on base; Norfolk 1 - Rochester 7 |
| TOP OF THE 8TH |
|
Norfolk Tides batting - Pitching for Rochester Red Wings : RHP Bryan Hallman
|
|
Batting: RHB Antonio Gamez
|
0-0: Called Strike 0-1: Ground out 5-3 (Groundball, 56S, EV 89.4 MPH)
|
|
Pinch Hitting: LHB Justin Moore
|
0-0: Foul Ball, location: 2F 0-1: Ball 1-1: Ball 2-1: Swinging Strike 2-2: Strikes out swinging
|
|
Batting: RHB Jeremy Sipe
|
0-0: Ball 1-0: Foul Ball, location: 2F 1-1: Ball 2-1: Reached on error, E6 (Groundball, 6, EV 88.1 MPH)
|
|
Batting: RHB Tony Godley
|
0-0: Swinging Strike 0-1: Foul Ball, location: 2F 0-2: Ball 1-2: Strikes out swinging
|
| Top of the 8th over - 0 runs, 0 hits, 1 error, 1 left on base; Norfolk 1 - Rochester 7 |
| BOTTOM OF THE 8TH |
|
Rochester Red Wings batting - Pitching for Norfolk Tides : RHP Corey Rizzuto
|
|
Now at 1B: Justin Moore
|
|
|
Now at SS: Jeremy Sipe
|
|
|
Batting: RHB Pedro Pinero
|
0-0: Called Strike 0-1: Ball 1-1: Ball 2-1: Ground out 4-3 (Groundball, 4, EV 76.9 MPH)
|
|
Batting: RHB Jason Gee
|
0-0: Ground out 5-3 (Groundball, 56, EV 77.5 MPH)
|
|
Batting: SHB Ian Thompson
|
0-0: Ball 1-0: Ball 2-0: Called Strike 2-1: Foul Ball, location: 2F 2-2: Ground out 4-3 (Groundball, 34, EV 83.1 MPH)
|
| Bottom of the 8th over - 0 runs, 0 hits, 0 errors, 0 left on base; Norfolk 1 - Rochester 7 |
| TOP OF THE 9TH |
|
Norfolk Tides batting - Pitching for Rochester Red Wings : RHP Bryan Hallman
|
|
Batting: RHB Kaoru Toda
|
0-0: Ball 1-0: Called Strike 1-1: Swinging Strike 1-2: Ball 2-2: Foul Ball, location: 2F 2-2: Ball 3-2: Strikes out looking
|
|
Batting: RHB John Gray
|
0-0: Ball 1-0: Ground out 6-3 (Groundball, 6M, EV 109.4 MPH)
|
|
Batting: SHB Ben Pierce
|
0-0: Foul Ball, location: 2F 0-1: Ball 1-1: Ball 2-1: Ground out 6-3 (Groundball, 6, EV 88.1 MPH)
|
| Top of the 9th over - 0 runs, 0 hits, 0 errors, 0 left on base; Norfolk 1 - Rochester 7 |
|